 Dungeon Crawl Stone Soup version 0.27.0-1-g7a089689b8 (webtiles) character file.

Game seed: 4442221716178979142

1995 Leibowitz the Slicer (level 9, -1/54 HPs)
             Began as a Kobold Fighter on Aug 13, 2021.
             Was an Initiate of Wu Jian.
             Slain by a water moccasin zombie (5 damage)
             ... on level 6 of the Dungeon.
             The game lasted 00:13:52 (7334 turns).

Leibowitz the Slicer (Kobold Fighter)               Turns: 7334, Time: 00:13:52

Health: -1/54      AC:  9    Str: 14    XL:     9   Next: 45%
Magic:  9/9        EV: 16    Int:  9    God:    Wu Jian [......]
Gold:   270        SH:  6    Dex: 17    Spells: 8/8 levels left

rFire    . . .     SeeInvis .   a - +0 short sword (venom)
rCold    . . .     Faith    +   c - +0 buckler
rNeg     . . .     Spirit   .   k - +1 leather armour {Will+}
rPois    .         Reflect  .   v - +1 helmet
rElec    .         Harm     .   A - +0 cloak
rCorr    .         Rampage  .   y - +0 pair of gloves
Will     +....                  (no boots)
Stlth    +++++.....             i - amulet of faith
HPRegen  0.18/turn              (no ring)
MPRegen  0.11/turn              (no ring)

@: mighty, flying
A: small, no large weapons, nightstalker 3
a: Renounce Religion


You were on level 6 of the Dungeon.
You worshipped Wu Jian.
Wu Jian was noncommittal.
You visited 2 branches of the dungeon, and saw 7 of its levels.

You collected 270 gold pieces.

Inventory:

Hand Weapons
 a - a +0 short sword of venom (weapon)
 b - a +0 rapier
Missiles
 g - 36 poisoned darts
 z - 4 atropa-tipped darts (quivered)
Armour
 c - a +0 buckler (worn)
 k - a +1 leather armour of willpower (worn)
 v - a +1 helmet (worn)
 y - a +0 pair of gloves (worn)
 A - a +0 cloak (worn)
Jewellery
 i - an amulet of faith (around neck)
Wands
 r - a wand of digging (2)
 C - a wand of flame (18)
Scrolls
 e - a scroll of vulnerability {unknown}
 f - 3 scrolls of noise {unknown}
 h - 3 scrolls of magic mapping {unknown}
 j - 6 scrolls of teleportation {unknown}
 n - a scroll of acquirement {unknown}
 t - a scroll of blinking {unknown}
 w - a scroll of enchant armour {unknown}
 x - 3 scrolls of identify {unknown}
 B - a scroll of amnesia {unknown}
Potions
 d - 2 potions of might
 l - a potion of flight
 m - a potion of magic {unknown}
 o - a potion of brilliance {unknown}
 p - a potion of degeneration {unknown}
 q - a potion of lignification {unknown}
 s - a potion of heal wounds {unknown}
 u - a potion of cancellation {unknown}


   Skills:
 * Level 5.5 Fighting
 * Level 8.8 Short Blades
 + Level 1.0 Throwing
 * Level 4.0 Armour
 * Level 4.5 Dodging
 * Level 7.6 Stealth
 * Level 4.3 Shields


You had 8 spell levels left.
You didn't know any spells.
Your spell library contained the following spells:

 Spells                   Type           Power      Damage    Failure   Level
 Shock                    Conj/Air       0%         1d3       50%         1
 Slow                     Hex            0%         N/A       65%         2
 Confusing Touch          Hex            0%         N/A       86%         3
 Ignite Poison            Fire/Tmut/Pois 0%         N/A       86%         3
 Mephitic Cloud           Conj/Pois/Air  0%         N/A       86%         3
 Ozocubu's Armour         Ice            0%         N/A       86%         3
 Swiftness                Air            0%         N/A       86%         3
 Vampiric Draining        Necr           0%         2d6       86%         3
 Airstrike                Air            0%         N/A       99%         4
 Olgreb's Toxic Radiance  Pois           0%         N/A       99%         4
 Bolt of Magma            Conj/Fire/Erth 0%         4d4       100%        5
 Ozocubu's Refrigeration  Ice            0%         4d5       100%        7
 Ignition                 Fire           0%         3d3       100%        8


Dungeon Overview and Level Annotations

Branches:
Dungeon (6/15)             Temple (1/1) D:4

Altars:
Cheibriados
Dithmenos
Elyvilon
Fedhas
Gozag
Hepliaklqana
Kikubaaqudgha
Makhleb
Nemelex Xobeh
Sif Muna
Trog
Uskayaw
Vehumet
Wu Jian
Xom
Yredelemnul
Zin
The Shining One

Annotations:
D:4 Menkaure


Innate Abilities, Weirdness & Mutations

You are small and have problems with some larger weapons.
You are completely attuned to the shadows.


Message History

You hit the orc wizard.
The orc wizard is moderately wounded.
The water moccasin zombie bites you.
* * * LOW HITPOINT WARNING * * *
Your +0 short sword of venom begins to drip with poison!
a - a +0 short sword of venom (weapon)
The water moccasin zombie barely misses you.
You puncture the orc wizard!
The orc wizard is poisoned.
The orc wizard is almost dead.
You block the orc wizard's attack.
You block the water moccasin zombie's attack.
You hit the orc wizard.
You kill the orc wizard!
The Council accepts your kill.
An orc comes into view. It is wielding a +0 short sword.
You puncture the orc wizard!
The orc wizard looks as sick as possible!
The orc wizard is almost dead.
You block the water moccasin zombie's attack.
The orc wizard hits you but does no damage.
You hit the orc wizard.
You kill the orc wizard!
The Council accepts your kill.
The water moccasin zombie barely misses you.
Your Armour skill increases to level 4!
You lunge at the orc.
You puncture the orc!
You kill the orc!
The Council accepts your kill.
An orc comes into view. It is wielding a +0 trident.
The water moccasin zombie bites you.
* * * LOW HITPOINT WARNING * * *
You see here a necrophage corpse.
The water moccasin zombie bites you.
* * * LOW HITPOINT WARNING * * *
It was a potion of flight.
You feel very buoyant.
You fly up into the air.
You block the water moccasin zombie's attack.
The water moccasin zombie bites you.
You die...

.. .......).#
##..........##
#..........##
###..#...>...#
#....†#.....##
##.....#..##
#..##...##
####''########
.......@Zo...#
........†))..#
≈≈.....)≈≈...#
≈≈≈....≈≈o≈..#
≈≈≈....≈≈≈≈..#
≈......≈≈...


You could see 2 orcs and a water moccasin zombie.

Vanquished Creatures
  4 yaks
  A steam dragon (D:6)
  A black bear (D:5)
  2 ogres
  A centaur (D:6)
  3 necrophages
  3 scorpions
  A howler monkey (D:5)
  2 hounds
  A jelly (D:5)
  Natasha (thrice) (D:3)
  2 orc wizards (D:6)
  A hound zombie (D:5)
  Robin (D:2)
  9 adders
  A white imp (D:4)
  2 worms (D:3)
  5 dart slugs
  8 orcs
  6 bats
  9 endoplasms
  2 giant cockroaches
  11 goblins
  16 hobgoblins
  6 jackals
  9 quokkas
  12 ball pythons
  4 frilled lizards
  A jackal skeleton (D:4)
  12 kobolds
  12 rats
151 creatures vanquished.

Notes
Turn   | Place    | Note
-------+----------+-------------------------------------------
     0 | D:1      | Leibowitz the Kobold Fighter began the quest for the Orb.
     0 | D:1      | Reached XP level 1. HP: 14/14 MP: 1/1
   185 | D:1      | Reached XP level 2. HP: 18/19 MP: 2/2
   324 | D:1      | Reached skill level 3 in Short Blades
   493 | D:1      | Reached XP level 3. HP: 20/23 MP: 3/3
   759 | D:1      | Reached skill level 1 in Dodging
  1189 | D:2      | Reached skill level 1 in Stealth
  1464 | D:2      | Noticed Robin
  1487 | D:2      | Reached XP level 4. HP: 23/28 MP: 4/4
  1508 | D:2      | Killed Robin
  1948 | D:2      | Reached skill level 4 in Short Blades
  2833 | D:3      | Reached XP level 5. HP: 33/33 MP: 5/5
  3735 | D:3      | Noticed Natasha
  3739 | D:3      | Killed Natasha
  4061 | D:3      | Noticed Natasha
  4068 | D:3      | Killed Natasha
  4069 | D:3      | Reached XP level 6. HP: 20/38 MP: 6/6
  4455 | D:3      | Noticed Natasha
  4468 | D:3      | Killed Natasha
  4469 | D:3      | Reached skill level 5 in Short Blades
  4739 | D:4      | Found a blossoming altar of Fedhas.
  4905 | D:4      | Found a staircase to the Ecumenical Temple.
  4912 | Temple   | Entered the Ecumenical Temple
  5217 | D:4      | Noticed Menkaure
  5336 | D:4      | Found a bloodstained altar of Trog.
  5583 | D:4      | Noticed a necrophage
  5599 | D:4      | Killed a necrophage
  5600 | D:4      | Reached XP level 7. HP: 38/43 MP: 7/7
  5670 | D:4      | Found a shadowy altar of Dithmenos.
  5670 | D:4      | Found an ornate altar of the Wu Jian Council.
  5670 | D:4      | Found a glowing golden altar of the Shining One.
  5880 | D:5      | Entered Level 5 of the Dungeon
  5943 | D:5      | Reached skill level 5 in Stealth
  5990 | D:5      | Reached skill level 6 in Short Blades
  6100 | D:5      | Reached XP level 8. HP: 48/48 MP: 8/8
  6366 | D:5      | Noticed a yak
  6367 | D:5      | Noticed a yak
  6400 | D:5      | Noticed a yak
  6410 | D:5      | Noticed a yak
  6419 | D:5      | Killed a yak
  6420 | D:5      | Reached skill level 7 in Short Blades
  6466 | D:4      | Killed a yak
  6638 | D:4      | Killed a yak
  6639 | D:4      | Reached skill level 5 in Fighting
  6711 | D:5      | Killed a yak
  6712 | D:5      | Reached XP level 9. HP: 40/54 MP: 9/9
  6849 | D:5      | Reached skill level 8 in Short Blades
  7137 | D:4      | Became a worshipper of the Wu Jian Council
  7265 | D:6      | Reached skill level 1 in Throwing
  7334 | D:6      | Slain by a water moccasin zombie

Illustrated notes

Levels and vault maps discovered:
D:1:      lightli_iron_boxes, layout_loops_ring, hangedman_decor_growths,
          minmay_misc_feat_chi, hex_tiny
D:2:      layout_basic, minmay_misc_feat_ornament, grunt_ministairs_6,
          uniq_robin
D:3:      minmay_thinvault, layout_basic, minivault_19, uniq_natasha
D:4:      layout_basic, mainiacjoe_overflow_surrounded_room,
          mainiacjoe_overflow_24_doors, gammafunk_temple_overflow_claw,
          minmay_temple_entry_ruins, uniq_menkaure
D:5:      layout_gridville
D:6:      layout_cave_pods, minitemple, kennysheep_dice
Temple:   cyrus_circular_temple

Skill      XL: |  1  2  3  4  5  6  7  8  9 |
---------------+----------------------------+-----
Short Blades   | 3 4 5 6 7 8 |  8.8
Dodging        | 1 2 3 4 |  4.5
Stealth        | 1 2 4 5 6 7 |  7.6
Shields        | 3 4 |  4.3
Armour         | 3 4 |  4.0
Fighting       | 4 5 |  5.5
Throwing       | 1 |  1.0

Action                   |  1- 3 |  4- 6 |  7- 9 || total
-------------------------+-------+-------+-------++-------
Melee: Rapier            |   113 |   217 |    41 ||   371
       Short sword       |       |       |   120 ||   120
Throw: Dart              |       |       |     7 ||     7
Invok: Lunge             |       |       |     3 ||     3
  Use: Potion            |       |       |     2 ||     2
 Stab: Sleeping          |     6 |    26 |    10 ||    42
Armor: Scale mail        |    23 |       |       ||    23
       Leather armour    |    11 |    52 |    30 ||    93
Dodge: Dodged            |    44 |   107 |    75 ||   226
Block: Buckler           |    29 |    41 |    45 ||   115
